 Dungeon Crawl Stone Soup version 0.24-a0-619-gb7544fd237 (webtiles) character file.

Game seed: 17176491211849694723, levelgen mode: deterministic

9318 Elminster the Geomancer (level 11, -3/93 HPs)
             Began as a Deep Dwarf Earth Elementalist on Sept 18, 2019.
             Was a Follower of Makhleb.
             Slain by an eight-headed hydra (9 damage)
             ... on level 2 of the Lair of Beasts.
             The game lasted 00:53:15 (4712 turns).

Elminster the Geomancer (DDEE)                      Turns: 4712, Time: 00:53:16

Health: -3/93      AC:  8    Str: 17    XL:     11   Next: 21%
Magic:  3/14       EV: 22    Int: 19    God:    Makhleb [*.....]
Gold:   632        SH:  0    Dex: 19    Spells: 1/16 levels left

rFire    . . .     SeeInvis .   w - +0 short sword (vamp) {!w}
rCold    . . .     Gourm    .   (no shield)
rNeg     . . .     Faith    .   r - +2 leather armour {MR+}
rPois    .         Spirit   .   s - +2 hat
rElec    .         Reflect  .   (no cloak)
rCorr    .         Harm     .   t - +0 pair of gloves
MR       ++...                  (no boots)
Stlth    +++.......             (no amulet)
HPRegen  0.00/turn              E - +2 ring of dexterity
MPRegen  0.14/turn              g - +4 ring of dexterity

@: mighty, very slightly contaminated, non-regenerating
A: damage resistance, heal wounds, sense surroundings 2, no regeneration
a: Heal Wounds, Renounce Religion


You were on level 2 of the Lair of Beasts.
You worshipped Makhleb.
Makhleb was aware of your devotion.
You were not hungry.

You visited 3 branches of the dungeon, and saw 12 of its levels.
You also visited: Sewer.

You collected 632 gold pieces.

Inventory:

Hand Weapons
 e - a +1 dagger of holy wrath
   (You found it on level 4 of the Dungeon)
 w - a +0 vampiric short sword (weapon) {!w}
   (You took it off an orc on level 5 of the Dungeon)
 H - the +2 flail of Demand {flame, +Fly rN+ Str+3}
   (You found it on level 1 of the Lair of Beasts)

   It has been specially enchanted to burn those struck by it, causing extra
   injury to most foes and up to half again as much damage against particularly
   susceptible opponents.
   It affects your strength (+3).
   It protects you from negative energy.
   It lets you fly.
Missiles
 u - 2 throwing nets {=f, !d}
 y - 47 stones (quivered)
Armour
 r - a +2 leather armour of magic resistance (worn)
   (You took it off an orc on level 3 of the Dungeon)
 s - a +2 hat (worn)
   (You found it on level 4 of the Dungeon)
 t - a +0 pair of gloves (worn)
   (You found it on level 5 of the Dungeon)
 F - a cursed +0 buckler
   (You found it on level 8 of the Dungeon)
Magical Staves
 o - an uncursed staff of power {MP+17, !a}
   (You found it on level 1 of the Lair of Beasts)
 D - an uncursed staff of energy {@w1+MP, hungerless spells, !d!a}
   (You found it on level 8 of the Dungeon)
Jewellery
 g - a +4 ring of dexterity (right hand)
   (You found it on level 4 of the Dungeon)
 i - an uncursed ring of teleportation {+/*tele, !d}
   (You found it on level 2 of the Dungeon)
 v - an uncursed ring of protection from fire {rF+, !d}
   (You found it on level 5 of the Dungeon)
 E - a +2 ring of dexterity (left hand)
   (You found it on level 7 of the Dungeon)
 G - an uncursed ring of flight {+Fly, !d}
   (You found it on level 1 of the Lair of Beasts)
Scrolls
 c - a scroll of magic mapping {!r}
 h - 5 scrolls of remove curse
 k - 2 scrolls of enchant weapon {unknown}
 l - 3 scrolls of enchant armour {unknown}
 p - 2 scrolls of immolation {unknown}
 q - 3 scrolls of amnesia
 A - 2 scrolls of blinking {unknown}
 B - a scroll of identify
Potions
 b - a potion of might
 j - a potion of magic
 m - 2 potions of cancellation
 n - 5 potions of agility
 z - 4 potions of brilliance
 C - a potion of curing
Comestibles
 d - 21 rations


   Skills:
 - Level 4.3 Fighting
 - Level 4.0 Short Blades
 - Level 2.1 Armour
 - Level 12.3 Dodging
 - Level 4.1 Stealth
 - Level 3.0 Spellcasting
 + Level 5.6 Transmutations
 + Level 12.7 Earth Magic
 - Level 5.4 Evocations


You had one spell level left.
You knew the following spells:

 Your Spells              Type           Power        Failure   Level  Hunger
a - Sandblast             Erth           ######       1%          1    None
c - Petrify               Tmut/Erth      #####...     4%          4    ####...
w - Passwall              Tmut/Erth      #####...     1%          2    ##.....
x - Stone Arrow           Conj/Erth      ####..       4%          3    ###....
z - Lee's Rapid Deconstr  Erth           ######....   2%          5    ######.

Your spell library contained the following spells:

 Spells                   Type           Power        Failure   Level  Hunger


Dungeon Overview and Level Annotations

Branches:
Dungeon (9/15)             Temple (1/1) D:6            Lair (2/6) D:8
  Swamp (0/4) Lair:2        Sewer (visited)
  Snake: Lair:2-4    Spider: Lair:2-4       Orc: D:9-12

Altars:
Ashenzari
Cheibriados
Dithmenos
Elyvilon
Fedhas
Gozag
Hepliaklqana
Kikubaaqudgha
Makhleb
Nemelex Xobeh
Okawaru
Qazlal
Ru
Sif Muna
Trog
Uskayaw
Vehumet
Wu Jian
Xom
Yredelemnul
Zin
The Shining One

Shops:
D:4 [((!?   D:5 %

Annotations:
D:7 exclusions: 2 jellies and oklob plant
Lair:1 Harold


Innate Abilities, Weirdness & Mutations

You are resistant to damage.
You can heal yourself by infusing magical energy.
You passively map the area around you.
You do not regenerate.


Message History

The iguana splashes around in the water.
The eight-headed hydra completely misses you.
The eight-headed hydra bites you but does no damage. x3
The eight-headed hydra bites you!
* * * LOW HITPOINT WARNING * * *
The eight-headed hydra bites you.
* * * LOW HITPOINT WARNING * * *
The eight-headed hydra bites you.
* * * LOW HITPOINT WARNING * * *
The eight-headed hydra bites you.
You take 14 damage, and have 4/139 hp.
You now have 11/15 mp.
Aim: an eight-headed hydra (almost dead)
The blast of sand hits the eight-headed hydra!
You kill the eight-headed hydra!
Makhleb accepts your kill.
y - 48 stones You now have 10/15 mp.
Aim: an iguana
Okay, then.
Okay, then.
Aim: an iguana The blast of sand hits the iguana!!
You kill the iguana!
Makhleb accepts your kill.
y - 47 stones You start resting.
Your extra speed is starting to run out.
You regained 2 mp, and now have 12/15 mp.
You start resting.
Your transformation is almost over.
Okay, then.
You feel yourself slow down.
Unknown command.
You start resting.
You feel less wooden.
Your +2 hat unmelds from your body.
Your +0 pair of gloves unmelds from your body.
Your +2 leather armour of magic resistance unmelds from your body.
You feel resistant to hostile enchantments.
You now have 2/93 hp.
You fail to use your ability.
An iguana comes into view.
Your magical essence is drained by the effort!
You feel much better.
You regained 24 hp, and now have 26/93 hp.
You enter the shallow water.
Moving in this stuff is going to be slow.
You see here an iguana corpse.
An eight-headed hydra comes into view.
Okay, then.
You enter the shallow water.
Moving in this stuff is going to be slow.
The eight-headed hydra roars!
Aim: an iguana (chance to defeat MR: 73%)
The iguana struggles to resist.
The iguana barely misses you.
You now have 10/14 mp.
The iguana closely misses you.
You see here an iguana corpse.
Aim: an iguana (chance to defeat MR: 73%)
You miscast Petrify.
You are very lightly contaminated with residual magic.
You feel momentarily lethargic.
You now have 6/14 mp.
The eight-headed hydra completely misses you.
The eight-headed hydra misses you.
The eight-headed hydra barely misses you. x2
The eight-headed hydra closely misses you.
The eight-headed hydra completely misses you.
The eight-headed hydra bites you!
* * * LOW HITPOINT WARNING * * *
The eight-headed hydra barely misses you.
You take 7 damage, and have 19/93 hp.
Aim: an eight-headed hydra (chance to defeat MR: 30%)
The eight-headed hydra easily resists.
The eight-headed hydra closely misses you. x2
The eight-headed hydra misses you.
The eight-headed hydra bites you but does no damage.
The eight-headed hydra bites you!
* * * LOW HITPOINT WARNING * * *
The eight-headed hydra bites you!
* * * LOW HITPOINT WARNING * * *
The eight-headed hydra barely misses you.
The eight-headed hydra bites you.
* * * LOW HITPOINT WARNING * * *
You take 13 damage, and have 6/93 hp.
You now have 3/14 mp.
Okay, then.
As you read the scroll labeled ZEDYAR NIDGH, it crumbles to dust.
It is a scroll of amnesia.
Really abort (and waste the scroll)? [Y]es or [N]o only, please.
Really abort (and waste the scroll)?
Okay, then.
The eight-headed hydra closely misses you.
The eight-headed hydra barely misses you.
The eight-headed hydra bites you but does no damage.
The eight-headed hydra closely misses you. x5
As you read the scroll labeled PUJINO FUSI, it crumbles to dust.
You speak a Word of immense power!
It was a scroll of holy word.
The eight-headed hydra bites you!
You die...

**≈ * §§♣* , , * *>
♣♣♣♣§§♣ , ,, * ♣♣...§,*
* ♣♣...♣♣♣♣ , ,,,
♣...≈%≈≈♣♣ , , , ,
♣♣≈≈≈≈≈≈≈♣ ,
♣♣†≈≈≈≈≈≈≈♣*, ,,
♣.Dl≈≈≈≈≈≈♣ *+
♣♣@.♣♣♣♣♣♣♣ * #....♣
*#* * #..#..# *. ,##
#..##%# .###+#. * *
##.# ## #......
#.####'### ###......
#.......## ###........
#.........###...#......
##.............##......


You could see an eight-headed hydra and an iguana.

Vanquished Creatures
  A hydra (Lair:2)
  Pikel (D:5)
  The ghost of SirMumm the Magician, a novice GrWz of Vehumet (D:7)
  A hippogriff (Lair:2)
  12 yaks (Lair:1)
  A wyvern (D:7)
  A basilisk (Lair:1)
  2 water moccasins
  3 swamp worms (Lair:2)
  A porcupine (Lair:1)
  3 sky beasts
  A slave (D:5)
  2 phantoms
  3 ogres
  3 centaurs
  3 crocodiles
  2 bullfrogs
  3 scorpions
  A wyvern skeleton (D:6)
  5 killer bees (D:7)
  A howler monkey (D:5)
  An electric eel (D:6)
  A crimson imp (D:6)
  A jelly (D:5)
  3 hounds
  4 orc priests (D:5)
  2 bullfrog skeletons
  4 iguanas
  4 orc wizards (D:5)
  3 worker ants
  A killer bee zombie (D:8)
  A hound skeleton (D:4)
  A worker ant zombie (D:5)
  11 gnolls
  9 adders
  A river rat (D:6)
  4 shadow imps
  An adder skeleton (D:8)
  3 worms
  A dart slug (D:3)
  4 leopard geckos
  17 orcs
  4 ball pythons (Sewer)
  7 bats
  2 giant cockroaches
  7 goblins
  3 hobgoblins
  14 jackals
  6 quokkas
  7 frilled lizards
  9 kobolds
  A leopard gecko skeleton (D:4)
  A quokka zombie (D:5)
  5 rats
  A plant (Sewer)
195 creatures vanquished.

Vanquished Creatures (others)
  A slave (D:5)
  2 orcs (D:5)
  3 fungi (D:7)
6 creatures vanquished.

Grand Total: 201 creatures vanquished

Notes
Turn   | Place    | Note
-------+----------+-------------------------------------------
     0 | D:1      | Elminster the Deep Dwarf Earth Elementalist began the quest
                  | for the Orb.
     0 | D:1      | Reached XP level 1. HP: 15/15 MP: 3/3
   310 | D:1      | Reached skill level 2 in Spellcasting
   402 | D:1      | Reached XP level 2. HP: 22/22 MP: 0/5
   472 | D:2      | Found a glowing silver altar of Zin.
   475 | D:2      | Noticed an angel
   478 | D:2      | Found a shimmering altar of Xom.
   607 | D:2      | Found a shadowy altar of Dithmenos.
   728 | D:3      | Reached skill level 5 in Earth Magic
   757 | D:3      | Reached XP level 3. HP: 21/28 MP: 0/6
   785 | D:3      | Reached skill level 1 in Evocations
   796 | D:3      | Found a shimmering blue altar of Sif Muna.
   908 | D:3      | Learned a level 2 spell: Passwall
   915 | D:3      | Reached skill level 2 in Evocations
   915 | D:3      | Reached XP level 4. HP: 27/36 MP: 2/7
   917 | D:3      | Reached skill level 6 in Earth Magic
   973 | D:3      | Reached skill level 3 in Evocations
  1101 | D:4      | Found Iqo Xues's Armour Emporium.
  1101 | D:4      | Noticed a centaur
  1102 | D:4      | Found a blossoming altar of Fedhas.
  1118 | D:4      | Found Fujesey's Weapon Emporium.
  1129 | D:4      | Found Tidooc's Distillery.
  1137 | D:4      | HP: 6/36 [scorpion (4)]
  1140 | D:4      | Reached XP level 5. HP: 7/42 MP: 2/8
  1190 | D:4      | Found Baxoj's Magic Scroll Shoppe.
  1299 | D:4      | Reached skill level 4 in Evocations
  1353 | D:4      | Noticed a phantom
  1368 | D:4      | Killed a phantom
  1368 | D:4      | Reached skill level 7 in Earth Magic
  1368 | D:4      | Reached XP level 6. HP: 37/49 MP: 5/9
  1396 | D:4      | Found Muzxink's Weapon Shoppe.
  1550 | D:5      | Entered Level 5 of the Dungeon
  1561 | D:5      | Reached skill level 5 in Evocations
  1626 | D:5      | Reached skill level 8 in Earth Magic
  1639 | D:5      | Reached XP level 7. HP: 24/55 MP: 5/11
  1655 | D:5      | Found Faoqeb's Food Shop.
  1660 | D:5      | Reached skill level 9 in Earth Magic
  1661 | D:5      | Noticed Pikel
  1671 | D:5      | Killed Pikel
  1671 | D:5      | Reached skill level 11 in Earth Magic
  1671 | D:5      | Reached XP level 8. HP: 22/62 MP: 2/12
  1826 | D:5      | Reached skill level 12 in Earth Magic
  1865 | D:5      | Reached skill level 3 in Stealth
  1932 | D:5      | Reached skill level 2 in Short Blades
  1959 | D:5      | Learned a level 5 spell: Lee's Rapid Deconstruction
  2129 | D:5      | HP: 14/62 [iguana (8)]
  2140 | D:5      | HP: 10/62 [adder (1)]
  2154 | D:5      | HP: 4/62 [something/magic dart (8)]
  2170 | D:6      | Reached skill level 3 in Short Blades
  2246 | D:6      | Found an ornate altar of the Wu Jian Council.
  2249 | D:6      | Found a glowing drain.
  2257 | D:6      | Learned a level 3 spell: Stone Arrow
  2262 | Sewer    | Entered a sewer
  2744 | D:6      | Reached skill level 4 in Short Blades
  2766 | D:6      | Found an iron altar of Okawaru.
  2826 | D:6      | Reached skill level 1 in Armour
  2843 | D:6      | Reached skill level 1 in Fighting
  2846 | D:6      | Found a staircase to the Ecumenical Temple.
  2851 | Temple   | Entered the Ecumenical Temple
  2937 | Temple   | Became a worshipper of Makhleb the Destroyer
  2974 | D:6      | Found a sparkling altar of Nemelex Xobeh.
  3029 | D:6      | Gained mutation: You passively map the area around you.
                  | [Deep Dwarf growth]
  3029 | D:6      | Reached XP level 9. HP: 61/70 MP: 3/13
  3202 | D:7      | Reached skill level 2 in Armour
  3238 | D:7      | Reached skill level 2 in Fighting
  3243 | D:7      | Reached skill level 3 in Fighting
  3252 | D:7      | Found a runed translucent door.
  3252 | D:7      | Noticed SirMumm's ghost (novice GrWz)
  3264 | D:7      | Reached skill level 12 in Dodging
  3264 | D:7      | Reached XP level 10. HP: 36/84 MP: 0/14
  3270 | D:7      | Killed SirMumm's ghost
  3320 | D:7      | HP: 17/85 [water moccasin (6)]
  3321 | D:7      | Reached skill level 4 in Fighting
  3349 | D:7      | HP: 18/85 [centaur (3)]
  3394 | D:7      | Noticed an oklob plant
  3529 | D:7      | Reached skill level 1 in Transmutations
  3631 | D:8      | HP: 17/87 [water moccasin (1)]
  3634 | D:8      | Reached skill level 4 in Stealth
  3656 | D:8      | Reached * piety under Makhleb
  3686 | D:8      | Found a staircase to the Lair.
  4048 | Lair:1   | Entered Level 1 of the Lair of Beasts
  4055 | Lair:1   | Noticed Harold
  4059 | Lair:1   | Reached skill level 2 in Transmutations
  4059 | Lair:1   | HP: 20/87 [crocodile (11)]
  4083 | Lair:1   | Reached skill level 3 in Spellcasting
  4184 | Lair:1   | HP: 18/87 [yak (8)]
  4193 | Lair:1   | HP: 14/87 [yak (5)]
  4201 | Lair:1   | HP: 20/87 [yak (3)]
  4210 | Lair:1   | Reached skill level 3 in Transmutations
  4212 | Lair:1   | HP: 15/87 [yak (11)]
  4260 | Lair:1   | Identified the +2 flail of Demand {flame, +Fly rN+ Str+3}
                  | (You found it on level 1 of the Lair of Beasts)
  4379 | Lair:1   | Reached skill level 4 in Transmutations
  4400 | Lair:1   | Reached XP level 11. HP: 47/93 MP: 0/15
  4428 | Lair:1   | HP: 23/93 [yak (13)]
  4438 | Lair:1   | Learned a level 4 spell: Petrify
  4475 | Lair:1   | Noticed a four-headed hydra
  4535 | Lair:1   | Got an ancient leather armour
  4536 | Lair:1   | Identified the +1 leather armour "Gifrit" {Str+2} (You
                  | found it on level 1 of the Lair of Beasts)
  4586 | Lair:2   | Reached skill level 5 in Transmutations
  4636 | Lair:2   | Noticed an eight-headed hydra
  4636 | Lair:2   | HP: 33/139 [swamp worm (7)]
  4642 | Lair:2   | HP: 32/139 [swamp worm (6)]
  4650 | Lair:2   | HP: 30/139 [eight-headed hydra (5)]
  4652 | Lair:2   | HP: 13/139 [eight-headed hydra (3)]
  4653 | Lair:2   | HP: 5/139 [eight-headed hydra (5)]
  4656 | Lair:2   | Killed an eight-headed hydra
  4702 | Lair:2   | Noticed an eight-headed hydra
  4709 | Lair:2   | HP: 19/93 [eight-headed hydra (7)]
  4710 | Lair:2   | HP: 8/93 [eight-headed hydra (7)]
  4712 | Lair:2   | Slain by an eight-headed hydra

Levels and vault maps discovered:
D:1:      lemuel_arrival_tunnels, layout_basic
D:2:      layout_basic, grunt_dithmenos_smoke,
          grunt_temple_overflow_order_and_chaos_1
D:3:      layout_rooms, lemuel_crystal_altar
D:4:      layout_loops_ring, serial_shops, kennysheep_little_box, shop, shop,
          shop_statue, nicolae_shop_window_shopping, first_ration,
          fedhas_bush_and_centaur_altar, uniq_edmund
D:5:      layout_basic, serial_shops, shop, eino_small_chamber_without_monster,
          chequers_serial_rivers_small_3, corexii_item_surrounded_by_moat,
          kennysheep_pointless_box, uniq_pikel
D:6:      layout_cave_pools, kennysheep_mini, nemelex_xobeh_ov_fountains_minmay,
          minmay_temple_entry_trees, portal_sewer_entry_b, serial_bayou_pond_c,
          okawaru_altar_gauntlet_db
D:7:      lemuel_slime, layout_cave_pools, gammafunk_ghost_grave,
          grunt_ogre_cave
D:8:      layout_loops_ring, lair_entry_dummy, grunt_ministairs_10
D:9:      layout_rooms, serial_shops, shop, basic_altar,
          hangedman_decor_peaks_small, minmay_shop_mayhem,
          minmay_guarded_unrand_variability, uniq_maurice
Temple:   regret_index_temple_sphere_string
Lair:1:   layout_regular_city, serial_bayou_shore_b, uniq_harold
Lair:2:   layout_roguey, palyth_hydra_swamp_entry, basic_altar,
          beast_lair_carwin_9

Skill      XL: |  1  2  3  4  5  6  7  8  9 10 11 |
---------------+----------------------------------+-----
Spellcasting   | 2 3 |  3.0
Earth Magic    | 5 6 7 8 11 12 | 12.7
Evocations     | 2 3 4 5 |  5.4
Stealth        | 3 4 |  4.1
Short Blades   | 4 |  4.0
Armour         | 1 2 |  2.1
Fighting       | 1 3 4 |  4.3
Dodging        | 12 | 12.3
Transmutations | 4 5 |  5.6

Action                   |  1- 3 |  4- 6 |  7- 9 | 10-12 || total
-------------------------+-------+-------+-------+-------++-------
Melee: Dagger            |    33 |     8 |     8 |       ||    49
       Short sword       |       |       |   207 |    97 ||   304
 Cast: Sandblast         |    35 |    46 |    50 |    64 ||   195
       Passwall          |       |     2 |    24 |     1 ||    27
       Stone Arrow       |       |       |     9 |     4 ||    13
       Lee's Rapid Decon |       |       |    10 |     9 ||    19
       Petrify           |       |       |       |     6 ||     6
 Abil: Heal Wounds       |       |     1 |       |     1 ||     2
Evoke: Wand              |     3 |     8 |    20 |     1 ||    32
  Use: Scroll            |       |     7 |     4 |     8 ||    19
       Potion            |       |       |     2 |    12 ||    14
 Stab: Sleeping          |     1 |     3 |     5 |     4 ||    13
       Distracted        |       |       |     2 |     1 ||     3
       Petrified         |       |       |       |     7 ||     7
  Eat: Chunk             |       |     4 |     4 |     1 ||     9
       Ration            |       |       |     2 |     3 ||     5
Armor: Leather armour    |    20 |     7 |    89 |    10 ||   126
       Skin              |       |       |       |    68 ||    68
Dodge: Dodged            |    31 |    17 |   155 |   113 ||   316

Table legend:
 A = Non-vault XP
 B = Vault XP
 C = Vault XP percentage of total XP
 D = Non-vault monster count
 E = Vault monster count
 F = Vault count percentage of total count
                 A         B        C        D         E       F
            +---------+---------+-------+---------+---------+-------
      Total |    7101 |    3071 |  30.2 |     156 |      37 |  19.2
            +---------+---------+-------+---------+---------+-------
        D:1 |      12 |       0 |   0.0 |       7 |       0 |   0.0
        D:2 |      13 |       0 |   0.0 |       9 |       0 |   0.0
        D:3 |     137 |       0 |   0.0 |      26 |       0 |   0.0
        D:4 |     275 |       0 |   0.0 |      12 |       0 |   0.0
        D:5 |    1192 |     641 |  35.0 |      34 |       1 |   2.9
        D:6 |     466 |      76 |  14.0 |      26 |       8 |  23.5
        D:7 |     987 |     710 |  41.8 |      13 |       2 |  13.3
        D:8 |     384 |     127 |  24.9 |       6 |       2 |  25.0
        D:9 |     193 |       0 |   0.0 |       4 |       0 |   0.0
     Lair:1 |    3094 |       0 |   0.0 |      17 |       0 |   0.0
     Lair:2 |     348 |    1491 |  81.1 |       2 |       5 |  71.4
      Sewer |       0 |      26 | 100.0 |       0 |      19 | 100.0
            +---------+---------+-------+---------+---------+-------

Levels and vault maps discovered:
D:1:      lemuel_arrival_tunnels, layout_basic
D:2:      layout_basic, grunt_dithmenos_smoke,
          grunt_temple_overflow_order_and_chaos_1
D:3:      layout_rooms, lemuel_crystal_altar
D:4:      layout_loops_ring, serial_shops, kennysheep_little_box, shop, shop,
          shop_statue, nicolae_shop_window_shopping, first_ration,
          fedhas_bush_and_centaur_altar, uniq_edmund
D:5:      layout_basic, serial_shops, shop, eino_small_chamber_without_monster,
          chequers_serial_rivers_small_3, corexii_item_surrounded_by_moat,
          kennysheep_pointless_box, uniq_pikel
D:6:      layout_cave_pools, kennysheep_mini, nemelex_xobeh_ov_fountains_minmay,
          minmay_temple_entry_trees, portal_sewer_entry_b, serial_bayou_pond_c,
          okawaru_altar_gauntlet_db
D:7:      lemuel_slime, layout_cave_pools, gammafunk_ghost_grave,
          grunt_ogre_cave
D:8:      layout_loops_ring, lair_entry_dummy, grunt_ministairs_10
D:9:      layout_rooms, serial_shops, shop, basic_altar,
          hangedman_decor_peaks_small, minmay_shop_mayhem,
          minmay_guarded_unrand_variability, uniq_maurice
Temple:   regret_index_temple_sphere_string
Lair:1:   layout_regular_city, serial_bayou_shore_b, uniq_harold
Lair:2:   layout_roguey, palyth_hydra_swamp_entry, basic_altar,
          beast_lair_carwin_9

Table legend:
 A = Turns spent in this place as a percentage of turns spent in the entire game.
 B = Non-inter-level travel turns spent in this place as a percentage of non-inter-level travel turns spent in the entire game.
 C = Inter-level travel turns spent in this place as a percentage of turns spent in this place.
 D = Turns resting spent in this place as a percentage of non-inter-level travel turns spent in this place.
 E = Turns spent auto-exploring this place as a percentage of non-inter-level travel turns spent in this place.
 F = Non-inter-level travel turns spent in this place divided by the number of levels of this place that you've seen.
                   A       B       C       D       E      F
               +-------+-------+-------+-------+-------+----------------------
         Total | 100.0 | 100.0 |   0.0 |   0.9 |   0.0 | 362.5
       Dungeon |  73.7 |  73.7 |   0.0 |   0.2 |   0.0 | 386.1
        Temple |   2.4 |   2.4 |   0.0 |   0.0 |   0.0 | 115.0
          Lair |  14.1 |  14.1 |   0.0 |   5.3 |   0.0 | 332.0
         Sewer |   9.7 |   9.7 |   0.0 |   0.0 |   0.0 | 458.0
               +-------+-------+-------+-------+-------+----------------------

Table legend:
 A = Kills in this place as a percentage of kills in entire the game.
 B = Kills by you in this place as a percentage of kills by you in the entire game.
 C = Kills by friends in this place as a percentage of kills by friends in the entire game.
 D = Other kills in this place as a percentage of other kills in the entire game.
 E = Experience gained in this place as a percentage of experience gained in the entire game.
 F = Experience gained in this place divided by the number of levels of this place that you have seen.
                   A       B       C       D       E      F
               +-------+-------+-------+-------+-------+----------------------
         Total | 100.0 | 100.0 |   N/A |   N/A | 100.0 | 782.5
       Dungeon |  77.7 |  77.7 |   N/A |   N/A |  51.2 | 579.2
          Lair |  12.4 |  12.4 |   N/A |   N/A |  48.5 | 2466.5
         Sewer |   9.8 |   9.8 |   N/A |   N/A |   0.3 |  26.0
               +-------+-------+-------+-------+-------+----------------------
